 Dungeon Crawl Stone Soup version 0.31-a0-965-g8a8ce12e04 (webtiles) character file.

Game seed: 15710647433338956098

214 Sanktem7 the Chopper (level 5, -5/47 HPs)
             Began as a Minotaur Fighter on Oct 27, 2023.
             Slain by Edmund
             ... wielding a +3 dire flail of protection
              (9 damage)
             ... on level 4 of the Dungeon.
             The game lasted 00:02:40 (2373 turns).

Sanktem7 the Chopper (Minotaur Fighter)             Turns: 2373, Time: 00:02:41

Health: -5/47      AC: 12    Str: 23    XL:     5   Next: 59%
Magic:  4/4        EV:  6    Int:  5    God:
Gold:   159        SH:  4    Dex:  9    Spells: 4/4 levels left

rFire   . . .        a - +0 war axe {axe}
rCold   . . .        c - +0 buckler
rNeg    . . .        h - +0 plate armour
rPois   .            (helmet restricted)
rElec   .            (no cloak)
rCorr   .            (no gloves)
SInv    .            (no boots)
Will    .....        (no amulet) Stlth
                     (no ring)
HPRegen 0.27/turn    (no ring)
MPRegen 0.09/turn

%: no passive effects
@: no status effects
A: horns 2, retaliatory headbutt
a: no special abilities


You were on level 4 of the Dungeon.
You visited 1 branch of the dungeon, and saw 4 of its levels.

You collected 159 gold pieces.


Innate Abilities, Weirdness & Mutations

You have a pair of horns on your head.
You reflexively headbutt those who attack you in melee.


   Skills:
 + Level 4.5 Fighting
 * Level 4.7 Axes
 + Level 1.6 Throwing
 + Level 4.5 Armour
 + Level 4.5 Shields


You had 4 spell levels left.
You didn't know any spells.
Your spell library was empty.

Inventory:

Hand Weapons
 a - a +0 war axe (weapon) {axe}
Missiles
 b - 25 stones {throwing}
 f - 11 poisoned darts {throwing}
 r - 4 atropa-tipped darts {throwing}
Armour
 c - a +0 buckler (worn)
 h - a +0 plate armour (worn)
   (You found it on level 1 of the Dungeon)
Scrolls
 i - a scroll of identify {unknown}
 k - 2 scrolls of fear {unknown}
 l - 2 scrolls of silence {unknown}
 m - a scroll of vulnerability {unknown}
 o - a scroll of torment {unknown}
 p - a scroll of poison {unknown}
 q - a scroll of teleportation {unknown}
 s - a scroll of fog {unknown}
Potions
 d - a potion of might
 e - 2 potions of heal wounds {unknown}
 g - 3 potions of magic {unknown}
 j - a potion of brilliance {unknown}
 n - 5 potions of enlightenment {unknown}

Dungeon Overview and Level Annotations

Branches:
Dungeon (4/15) Zot: 21581
 Temple: D:4-7

Altars:
Sif Muna
Wu Jian

Annotations:
D:4 Edmund

#.....##....###.#
#.#...###.#...#.#
.............#....
#..##...............
#. ####............
. #.##.####.... #
#.##.## ...
....#...#####.#
....$.....@@...#
######...#####..?.
##### #


You could see Edmund.


Message History

You are too injured to fight recklessly!
You are too injured to fight recklessly!
You are too injured to fight recklessly!
You are too injured to fight recklessly!
You are too injured to fight recklessly!
You are too injured to fight recklessly!
You are too injured to fight recklessly!
You are too injured to fight recklessly!
You are too injured to fight recklessly!
An iguana is nearby!
You closely miss the iguana. The iguana barely misses you.
You furiously retaliate!
You headbutt the iguana.
You kill the iguana! 😮 HP[+1]
A goblin comes into view. It is wielding a +0 dagger. 😕 HP[+6]
You regained 6 hp, and now have 41/47 hp.
A goblin is nearby!
A goblin is nearby! 😕 HP[+1]
The goblin hits you with a +0 dagger. 😕 HP[-1]
You take 1 damage, and now have 41/47 hp.
You barely miss the goblin. You block the goblin's attack. 😕 HP[+1]
You hit the goblin but do no damage. You block the goblin's attack.
You barely miss the goblin. The goblin barely misses you. x2
You closely miss the goblin. You headbutt the goblin.
You kill the goblin! 😕 HP[+1] No target in view!
No target in view!
No target in view!
No target in view!
No target in view!
No target in view!
No target in view!
No target in view!
No target in view!
No target in view!
No target in view!
No target in view!
Things that are here:
a +0 dagger {short}; a goblin corpse
b - 25 stones {throwing} (gained 6)
Things that are here:
a +0 club {mace}; a hobgoblin corpse
n - 5 lumpy sapphire potions (gained 1) Edmund the Younger comes into view.
He is wielding a +3 dire flail of protection.
Edmund shouts! 😎 HP[+4]
Your hp is fully restored (47).
Edmund hits you but does no damage.
You hit Edmund but do no damage. Your headbutt misses Edmund.
Edmund hits you with a +3 dire flail of protection. 😕 HP[-3]
You take 3 damage, and now have 44/47 hp.
You hit Edmund.
Edmund hits you with a +3 dire flail of protection! x2 😮 HP[-19]
You take 19 damage, and now have 25/47 hp.
MASSIVE DAMAGE!! (PAUSE)
You hit Edmund.
Edmund hits you with a +3 dire flail of protection.
* * * LOW HITPOINT WARNING * * *
😨 HP[-3]
You take 3 damage, and now have 22/47 hp.
You hit Edmund but do no damage. Edmund barely misses you.
You barely miss Edmund.
Edmund hits you with a +3 dire flail of protection.
* * * LOW HITPOINT WARNING * * *
😨 HP[-1]
You take 1 damage, and now have 21/47 hp.
You hit Edmund but do no damage. Edmund closely misses you.
You block Edmund's attack. 😨 HP[+1]
You hit Edmund. You headbutt Edmund, but do no damage.
Edmund hits you with a +3 dire flail of protection!
* * * LOW HITPOINT WARNING * * *
😨 HP[-9]
You take 9 damage, and now have 13/47 hp.
You barely miss Edmund. Edmund hits you but does no damage.
You hit Edmund but do no damage. You headbutt Edmund.
Edmund says, "People will remember me!
They'll remember me and die!"
Edmund hits you but does no damage. 😨 HP[+1]
You hit Edmund.
Edmund hits you with a +3 dire flail of protection.
* * * LOW HITPOINT WARNING * * *
Edmund hits you with a +3 dire flail of protection!
* * * LOW HITPOINT WARNING * * *
😱 HP[-11]
You take 11 damage, and now have 3/47 hp.
MASSIVE DAMAGE!! (PAUSE)
You completely miss Edmund. You headbutt Edmund, but do no damage.
Edmund hits you but does no damage.
You closely miss Edmund.
Edmund hits you with a +3 dire flail of protection!
You die...
Edmund says, "That'll show my brother!"

Skill      XL: |  1  2  3  4 |
---------------+-------------+-----
Axes           | 3 4 |  4.7
Fighting       | 4 |  4.5
Armour         | 4 |  4.5
Shields        | 4 |  4.5
Throwing       | 1 |  1.6

Action                     |  1- 3 |  4- 6 || total
---------------------------+-------+-------++-------
  Melee: War axe           |    49 |    83 ||   132
         Headbutt          |     6 |    12 ||    18
 Armour: Scale mail        |    12 |       ||    12
         Plate armour      |    18 |    69 ||    87
  Dodge: Dodged            |    17 |    24 ||    41
  Block: Buckler           |    15 |     9 ||    24

Levels and vault maps discovered:
D:1:      zelgadis_glass_arrival_small, layout_loops_ring,
          chequers_serial_rivers_micro_b
D:2:      layout_basic
D:3:      layout_basic, nicolae_overflow_two_pavilions,
          kennysheep_generic_room_13, uniq_jessica
D:4:      layout_loops_ring, minmay_temple_entry_offerings, uniq_edmund,
          uniq_robin

Notes
Turn   | Place    | Note
-------+----------+-------------------------------------------
     0 | D:1      | Sanktem7 the Minotaur Fighter began the quest for the Orb.
     0 | D:1      | Reached XP level 1. HP: 19/19 MP: 0/0
     0 | D:1      | magus.rc [v1.9.6]
   118 | D:1      | Reached XP level 2. HP: 27/27 MP: 1/1
   174 | D:1      | Reached skill level 3 in Axes
   752 | D:2      | Reached skill level 4 in Fighting
   752 | D:2      | Reached skill level 4 in Armour
   752 | D:2      | Reached skill level 4 in Shields
   752 | D:2      | Reached XP level 3. HP: 24/33 MP: 2/2
  1014 | D:2      | Reached XP level 4. HP: 36/40 MP: 3/3
  1393 | D:2      | Reached skill level 4 in Axes
  1509 | D:3      | Noticed Jessica
  1514 | D:3      | Killed Jessica
  1515 | D:3      | Reached skill level 1 in Throwing
  1616 | D:3      | Reached XP level 5. HP: 47/47 MP: 4/4
  1685 | D:3      | Found an ornate altar of the Wu Jian Council.
  1685 | D:3      | Found a shimmering blue altar of Sif Muna.
  2251 | D:4      | Noticed Robin
  2262 | D:4      | Killed Robin
  2358 | D:4      | Noticed Edmund
  2371 | D:4      | HP: 3/47 [Edmund/+3 dire flail of protection (10)]
  2373 | D:4      | Slain by Edmund

Vanquished Creatures
  Jessica (D:3)
  An iguana (D:4)
  Robin (D:4)
  4 gnolls (D:2)
  4 adders
  4 dart slugs
  3 orcs (D:3)
  2 ball pythons (D:2)
  5 endoplasms
  2 giant cockroaches
  9 hobgoblins
  2 jackals (D:3)
  5 kobolds
  3 quokkas
  4 bats
  3 frilled lizards
  10 goblins
  5 rats
68 creatures vanquished.

Table legend:
 A = Non-vault XP
 B = Vault XP
 C = Vault XP percentage of total XP
 D = Non-vault monster count
 E = Vault monster count
 F = Vault count percentage of total count
                 A         B        C        D         E       F
            +---------+---------+-------+---------+---------+-------
      Total |     233 |      73 |  23.9 |      55 |      13 |  19.1
            +---------+---------+-------+---------+---------+-------
        D:1 |      29 |       0 |   0.0 |      17 |       0 |   0.0
        D:2 |     107 |       0 |   0.0 |      20 |       0 |   0.0
        D:3 |      60 |      37 |  38.1 |      17 |       1 |   5.6
        D:4 |      37 |      36 |  49.3 |       1 |      12 |  92.3
            +---------+---------+-------+---------+---------+-------

Skill      XL: |  1  2  3  4 |
---------------+-------------+-----
Axes           | 3 4 |  4.7
Fighting       | 4 |  4.5
Armour         | 4 |  4.5
Shields        | 4 |  4.5
Throwing       | 1 |  1.6

Action                     |  1- 3 |  4- 6 || total
---------------------------+-------+-------++-------
  Melee: War axe           |    49 |    83 ||   132
         Headbutt          |     6 |    12 ||    18
 Armour: Scale mail        |    12 |       ||    12
         Plate armour      |    18 |    69 ||    87
  Dodge: Dodged            |    17 |    24 ||    41
  Block: Buckler           |    15 |     9 ||    24

Illustrated notes

Table legend:
 A = Kills in this place as a percentage of kills in the entire game.
 B = Kills by you in this place as a percentage of kills by you in the entire game.
 C = Kills by friends in this place as a percentage of kills by friends in the entire game.
 D = Other kills in this place as a percentage of other kills in the entire game.
 E = Experience gained in this place as a percentage of experience gained in the entire game.
 F = Experience gained in this place divided by the number of levels of this place that you have seen.
                   A       B       C       D       E      F
               +-------+-------+-------+-------+-------+----------------------
         Total | 100.0 | 100.0 |   N/A |   N/A | 100.0 |  76.5
       Dungeon | 100.0 | 100.0 |   N/A |   N/A | 100.0 |  76.5
               +-------+-------+-------+-------+-------+----------------------

Table legend: (Time is in decaauts)
 A = Elapsed time spent in this place.
 B = Non-inter-level travel time spent in this place.
 C = Inter-level travel time spent in this place.
 D = Time resting spent in this place.
 E = Time spent auto-exploring this place.
 F = Levels seen in this place.
 G = Mean time per level.
                   A        B        C        D        E       F      G
               +--------+--------+--------+--------+--------+-----+--------+
         Total |   2417 |   2355 |     62 |      0 |   1991 |   4 |  604.2 |
       Dungeon |   2417 |   2355 |     62 |      0 |   1991 |   4 |  604.2 |
               +--------+--------+--------+--------+--------+-----+--------+

Top non-repeatable levels by time:
     D:2: 817 daAuts
     D:3: 784 daAuts
     D:1: 668 daAuts
     D:4: 147 daAuts
